Map: 오토메이턴 - 래더

Players

Trap

  • Race: Protoss Protoss
  • Spawn Location: 9:00

dark - Winner!

  • Race: Zerg Zerg
  • Spawn Location: 3:00

Event: IEM Season 13: Katowice (2019)

VOD

Have the link to the VOD?

Description

Time

  • Played on: Feb. 28, 2019, 11:27 a.m.
  • Length: 10:08

All games in this series

Show
View Real Time Build Order
Export as new Build Order

Trap Protoss 

Build Orders: 1 Gate Expand, Oracle Opening, Zealot Archon, Archon Drop 

Get SALT Encoding   

  12  0:00  Probe  
  13  0:12  Probe  
  14  0:18  Pylon  
  14  0:24  Probe  
  15  0:32  Probe  
  15  0:38  Gateway  
  15  0:40  Probe  
  16  0:48  Assimilator  
  17  0:51  Probe  
  18  1:03  Probe  
  19  1:15  Probe  
  20  1:25  Cybernetics Core  
  20  1:36  Nexus  
  20  1:42  Pylon  
  20  1:45  Probe  
  21  1:52  Adept, Assimilator  
  21  1:57  Probe  
  24  2:10  Probe  
  24  2:12  Adept  
  25  2:22  Probe  
  28  2:28  Stargate  
  28  2:34  Warp Gate, Probe  
  29  2:43  Stalker  
  31  2:48  Probe  
  31  2:50  Probe  
  33  3:00  Probe  
  33  3:01  Oracle  
  33  3:02  Probe  
  36  3:12  Probe  
  36  3:14  Probe  
  38  3:27  Probe x2  
  38  3:32  Assimilator x2  
  40  3:36  Robotics Facility  
  40  3:39  Probe x2  
  40  3:46  Oracle  
  40  3:48  Pylon  
  40  3:51  Probe x2  
  45  4:02  Pylon  
  45  4:03  Probe  
  45  4:06  Probe  
  47  4:11  Twilight Council  
  47  4:15  Probe, Phoenix  
  48  4:18  Probe  
  48  4:23  Zealot  
  53  4:29  Probe  
  53  4:30  Probe  
  55  4:35  Gateway  
  55  4:36  Gateway  
  55  4:39  Warp Prism  
  55  4:41  Gateway  
  55  4:52  Charge  
  57  4:55  Templar Archives  
  57  5:09  Gateway  
  57  5:11  Gateway  
  57  5:16  Pylon  
  57  5:18  Zealot  
  57  5:20  Probe x2  
  61  5:38  High Templar x2  
  61  5:39  High Templar  
  61  5:40  High Templar  
  69  5:43  Archon  
  69  5:44  Nexus, Archon  
  69  5:49  Observer, Pylon  
  70  6:02  Pylon  
  70  6:03  Pylon  
  70  6:09  Zealot x2  
  70  6:10  Zealot  
  70  6:11  Zealot  
  78  6:15  Pylon  
  78  6:21  Zealot x2  
  78  6:24  Pylon  
  82  6:37  Zealot x3  
  82  6:38  Zealot  
  85  6:42  Probe  
  85  6:43  Probe  
  80  6:48  Immortal  
  80  6:51  Psionic Storm  
  64  6:55  Probe  
  61  7:01  Probe  
  61  7:02  Probe  
  61  7:05  High Templar x4  
  67  7:11  Probe  
  67  7:14  Probe x2  
  68  7:15  Archon  
  68  7:16  Zealot x2, Archon  
  68  7:22  Gateway  
  72  7:25  Gateway  
  72  7:33  Probe x3  
  75  7:37  Forge  
  75  7:38  High Templar x2  
  75  7:39  Zealot, Warp Prism  
  75  7:41  Zealot  
  83  7:44  Zealot  
  83  7:51  Protoss Ground Weapons Level 1  
  87  7:52  High Templar  
  87  7:54  Probe x2  
  87  7:55  Probe  
  92  7:59  Assimilator  
  92  8:04  Assimilator  
  91  8:06  Probe x2  
  91  8:07  Probe  
  94  8:16  Zealot x4, Observer  
  103  8:20  Zealot  
  103  8:23  Photon Cannon  
  103  8:26  Probe x3  
  108  8:29  Zealot  
  108  8:30  Zealot  
  108  8:33  Zealot  
  109  8:38  Immortal  
  91  8:49  High Templar x2  
  91  8:50  Zealot x3, High Templar  
  91  8:53  Zealot  
  105  8:56  Zealot, Archon  
  105  9:01  Pylon  
  107  9:17  Immortal  
  107  9:18  Photon Cannon  
  107  9:20  Photon Cannon  
  107  9:24  High Templar x2  
  113  9:25  High Templar  
  113  9:27  Zealot  
  113  9:28  Zealot x2  
  113  9:29  Stalker  
  113  9:30  Zealot  
  105  9:48  Archon  
  105  9:49  Archon  
  105  9:50  Zealot x4  
  95  10:01  Zealot x4  
Show
View Real Time Build Order
Export as new Build Order

dark Zerg - Winner!

Build Orders: Hatch First 

Get SALT Encoding   

  12  0:00  Drone  
  13  0:12  Overlord  
  13  0:17  Drone  
  14  0:31  Drone x2  
  14  0:35  Drone  
  17  0:52  Hatchery  
  17  0:54  Drone  
  17  0:58  Drone  
  18  1:09  Extractor  
  17  1:13  Spawning Pool  
  17  1:16  Drone  
  17  1:20  Drone  
  18  1:29  Drone  
  19  1:39  Drone  
  20  1:48  Hatchery  
  20  1:52  Drone  
  20  2:03  Queen  
  20  2:05  Drone  
  23  2:12  Drone  
  24  2:19  Queen  
  26  2:24  Overlord  
  26  2:28  Drone  
  27  2:32  Drone  
  27  2:35  Metabolic Boost  
  28  2:42  Zergling x2  
  28  2:43  Drone x2  
  31  2:46  Drone  
  32  2:54  Queen  
  33  3:00  Spore Crawler  
  33  3:05  Drone x3  
  34  3:06  Drone  
  34  3:08  Drone  
  37  3:19  Spore Crawler  
  36  3:20  Drone x2  
  36  3:23  Queen  
  39  3:30  Drone x2  
  39  3:31  Drone, Spore Crawler  
  41  3:35  Drone  
  41  3:39  Overlord  
  42  3:45  Spore Crawler  
  42  3:46  Zergling x2  
  42  3:51  Overlord  
  42  3:52  Lair  
  42  3:58  Drone x3  
  42  4:01  Drone x2  
  47  4:03  Drone  
  46  4:10  Drone x3  
  46  4:11  Drone  
  46  4:12  Drone  
  46  4:14  Drone  
  52  4:18  Drone x2  
  52  4:20  Drone x2  
  56  4:27  Drone x2  
  56  4:28  Extractor  
  56  4:30  Overlord  
  57  4:34  Overlord  
  57  4:35  Drone  
  58  4:41  Overlord  
  58  4:48  Drone  
  58  4:49  Drone x6  
  65  4:54  Queen, Hydralisk Den, Drone  
  65  4:55  Drone  
  65  4:57  Drone  
  67  5:02  Drone x3  
  67  5:06  Extractor  
  67  5:07  Drone  
  67  5:08  Extractor  
  67  5:09  Drone x2  
  68  5:15  Overlord  
  68  5:16  Drone x2  
  68  5:17  Drone  
  68  5:18  Extractor  
  68  5:20  Overlord x3  
  70  5:30  Hydralisk  
  70  5:34  Hydralisk x3  
  70  5:35  Hydralisk  
  80  5:41  Grooved Spines  
  80  5:44  Hydralisk  
  80  5:49  Hydralisk  
  84  5:51  Overlord  
  84  5:52  Hydralisk  
  84  5:54  Zergling x12  
  92  5:59  Hydralisk  
  92  6:01  Overseer  
  92  6:04  Hydralisk  
  94  6:06  Overlord  
  96  6:11  Evolution Chamber  
  96  6:16  Baneling Nest  
  94  6:20  Hydralisk x3  
  94  6:21  Hydralisk  
  102  6:26  Hydralisk  
  102  6:27  Zergling x2  
  102  6:28  Zergling x8  
  103  6:40  Hydralisk x3  
  103  6:41  Zergling x8  
  103  6:44  Hydralisk x2  
  103  6:45  Zergling x6  
  88  7:02  Drone x5  
  88  7:05  Drone  
  93  7:08  Muscular Augments  
  93  7:09  Drone x2  
  93  7:10  Drone x4  
  93  7:14  Hydralisk x2  
  103  7:17  Zergling x2  
  103  7:18  Zergling x4  
  103  7:22  Zergling x4  
  108  7:25  Zergling x2  
  108  7:31  Centrifical Hooks  
  108  7:32  Zerg Melee Weapons Level 1  
  108  7:34  Overlord  
  108  7:40  Hatchery  
  107  7:45  Hydralisk x2  
  107  7:46  Overlord  
  111  7:54  Hydralisk x3  
  117  8:00  Zergling x2  
  117  8:01  Zergling x6  
  117  8:02  Overlord x2  
  121  8:08  Zergling x4  
  121  8:11  Zergling x6  
  126  8:16  Zergling x2  
  126  8:19  Overlord  
  127  8:20  Zergling x2  
  127  8:23  Zergling x2  
  129  8:29  Zergling x2  
  129  8:30  Zergling x10  
  129  8:33  Hydralisk x2  
  136  8:37  Hydralisk  
  134  8:47  Zergling x2  
  134  8:48  Zergling x6  
  115  8:51  Hydralisk x2  
  119  9:00  Hydralisk x2  
  119  9:01  Hydralisk x3  
  119  9:02  Zergling x4  
  131  9:03  Zergling x4  
  131  9:05  Queen  
  131  9:06  Zergling x4  
  137  9:10  Baneling x4  
  137  9:15  Baneling x3  
  137  9:16  Baneling  
  137  9:17  Baneling x8  
  137  9:18  Zergling x2  
  137  9:19  Zergling x6  
  137  9:22  Zergling x2  
  142  9:26  Baneling x4  
  141  9:41  Hydralisk x5  
  141  9:43  Zergling x4  
  140  9:47  Zergling x4  
  140  9:48  Zergling x4  

Tags
 
Add a new tag
Caveats
  • Supply blocks, unpowered buildings, or Contaminate may cause inaccurate times.
  • Supply counts are checked every 10 seconds.